 Dungeon Crawl Stone Soup version 0.29-a0-409-gd843f3a48c (webtiles) character file.

Game seed: 7970311615896602240

13988 ParallaxScroll the Jinx (level 12, -4/63 HPs)
             Began as a Vine Stalker Fighter on May 14, 2022.
             Was an Initiate of Gozag.
             Slain by a tengu warrior
             ... wielding a +0 halberd
              (5 damage)
             ... on level 11 of the Dungeon.
             The game lasted 01:16:59 (13190 turns).

ParallaxScroll the Jinx (Vine Stalker Fighter)     Turns: 13190, Time: 01:16:59

Health: -4/63      AC: 10    Str: 24    XL:     12   Next: 11%
Magic:  0/13       EV: 13    Int: 18    God:    Gozag
Gold:   2032       SH:  5    Dex: 20    Spells: 1/11 levels left

rFire   . . .      SeeInvis .   a - +3 dagger "Worm's Wrath" {elec, Int+5}
rCold   + . .      Faith    .   N - +0 buckler
rNeg    . . .      Spirit   +   O - +1 leather armour {rC+}
rPois   .          Reflect  .   v - +0 helmet
rElec   +          Harm     .   (no cloak)
rCorr   +          Rampage  .   x - +2 pair of gloves of the Big Bang {rElec Int+5}
Will    +....                   A - +0 pair of boots
Stlth   +++.......              u - amulet of the acrobat
HPRegen 1.00/turn               k - ring of resist corrosion
MPRegen 0.13/turn               Y - +6 ring of dexterity

@: mighty, gold aura
A: fangs 3, regeneration 1, magic shield, antimagic bite, no potion heal 2
a: Renounce Religion, Potion Petition, Call Merchant, Bribe Branch


You were on level 11 of the Dungeon.
You worshipped Gozag.
Gozag was most pleased with you.
You visited 1 branch of the dungeon, and saw 11 of its levels.

You collected 2493 gold pieces.
You spent 414 gold pieces at shops.
You paid 47 gold pieces to Gozag.

Inventory:

Hand Weapons
 a - the +3 dagger "Worm's Wrath" (weapon) {elec, Int+5}
   (You bought it in a shop on level 3 of the Dungeon)

   It occasionally discharges a powerful burst of electricity upon striking a
   foe.
   Int:       It affects your intelligence (+5).
 b - a +0 hand crossbow
 c - a +0 whip of venom
 d - a +2 whip of flaming
 M - a +1 war axe of freezing
Missiles
 l - 40 poisoned darts (quivered)
 o - 2 boomerangs
 r - a curare-tipped dart
 X - 5 datura-tipped darts
Armour
 v - a +0 helmet (worn)
 x - the +2 pair of gloves of the Big Bang (worn) {rElec Int+5}
   (You found it on level 3 of the Dungeon)

   Int:       It affects your intelligence (+5).
   rElec:     It insulates you from electricity.
 A - a +0 pair of boots (worn)
 K - a scarf of harm
 N - a +0 buckler (worn)
 O - a +1 leather armour of cold resistance (worn)
Jewellery
 f - a +6 ring of intelligence
 k - a ring of resist corrosion (left hand)
 u - an amulet of the acrobat (around neck)
 Q - a ring of fire
 Y - a +6 ring of dexterity (right hand)
Wands
 h - a wand of iceblast (11)
 D - a wand of acid (3)
 W - a wand of flame (22)
Scrolls
 g - a scroll of fear {unknown}
 j - 9 scrolls of teleportation
 n - 4 scrolls of blinking
 p - 2 scrolls of amnesia {unknown}
 q - 2 scrolls of enchant weapon
 s - 2 scrolls of torment
 w - 2 scrolls of fog
 y - 2 scrolls of immolation
 C - 2 scrolls of magic mapping
 F - a scroll of brand weapon {unknown}
 J - 2 scrolls of enchant armour
 P - a scroll of summoning {unknown}
 T - a scroll of silence {unknown}
 U - 2 scrolls of poison {unknown}
Potions
 e - 3 potions of magic
 i - 3 potions of mutation
 m - 2 potions of might
 t - 2 potions of attraction
 z - 4 potions of resistance
 B - 7 potions of curing
 E - 2 potions of berserk rage
 G - a potion of cancellation {unknown}
 H - 2 potions of flight {unknown}
 L - a potion of haste {unknown}
 R - a potion of lignification {unknown}
 S - 3 potions of brilliance {unknown}
 V - a potion of ambrosia {unknown}
Miscellaneous
 Z - a phial of floods


   Skills:
 - Level 7.0 Fighting
 + Level 8.9 Short Blades
 - Level 3.0(5.2) Axes
 - Level 6.7(7.1) Maces & Flails
 - Level 5.0 Armour
 - Level 3.0 Dodging
 + Level 5.6 Stealth
 - Level 3.0 Shields
 - Level 9.0 Hexes
 + Level 1.6 Transmutations
 - Level 4.0 Evocations


You had one spell level left.
You knew the following spells:

 Your Spells              Type           Power      Damage    Failure   Level
a - Confusing Touch       Hex            32%        N/A       2%          3
b - Cause Fear            Hex            16%        N/A       9%          4
c - Slow                  Hex            100%       N/A       1%          1
d - Wereblood             Tmut           5%         N/A       26%         2

Your spell library contained the following spells:

 Spells                   Type           Power      Damage    Failure   Level
 Foxfire                  Conj/Fire      0%         2x1d4     32%         1
 Inner Flame              Hex/Fire       16%        N/A       16%         3
 Corpse Rot               Necr/Air       0%         N/A       45%         2
 Sublimation of Blood     Necr           0%         N/A       45%         2
 Conjure Flame            Conj/Fire      0%         6-21      69%         3
 Ozocubu's Armour         Ice            0%         N/A       69%         3
 Vampiric Draining        Necr           0%         2d6       69%         3
 Ice Form                 Ice/Tmut       2%         N/A       94%         4
 Dispel Undead            Necr           0%         3d6       97%         4
 Flame Wave               Conj/Fire      0%         2d4       97%         4
 Hailstorm                Conj/Ice       0%         3d3       97%         4
 Death Channel            Necr           0%         N/A       100%        6
 Simulacrum               Ice/Necr       0%         N/A       100%        6
 Ozocubu's Refrigeration  Ice            0%         4d5       100%        7
 Summon Hydra             Summ           0%         N/A       100%        7
 Discord                  Hex            16%        N/A       100%        8


Dungeon Overview and Level Annotations

Branches:
Dungeon (11/15)            Temple (0/1) D:4            Lair (0/6) D:10
    Orc (0/2) D:10

Altars:
Cheibriados
Dithmenos
Gozag
Kikubaaqudgha
Nemelex Xobeh
Okawaru
Uskayaw
Xom
The Shining One
Beogh

Shops:
D:3 (   D:5 !   D:10 *

Annotations:
D:8 4 runed translucent doors
D:10 2 transporters
D:11 Grum; HendSelp's ghost, journeyman TeMo


Innate Abilities, Weirdness & Mutations

You have razor-sharp teeth.
Your natural rate of healing is unusually fast.
When hurt, damage is shared between your health and your magic reserves.
Your bite disrupts and absorbs the magic of your enemies.
Potions cannot restore your health.


Message History

Grum is no longer distracted by gold.
You block the wolf's attack. The wolf barely misses you. The wolf bites you!
Grum hits you with a -2 spear!
You closely miss the tengu warrior.
The tengu warrior is almost dead.
The wolf bites you. You block the wolf's attack.
The wolf bites you but does no damage. The wolf completely misses you. x2
Grum hits you from afar with a -2 spear.
The tengu warrior hits you with a +0 halberd!!
The tengu warrior pecks you. The tengu warrior misses you.
The tengu warrior barely misses itself.
The tengu warrior pecks itself but does no damage.
The tengu warrior claws itself but does no damage.
The wolf misses you. The wolf completely misses you.
You closely miss the wolf. You bite the wolf. You drain its power.
You feel invigorated.
The wolf is lightly wounded.
The wolf bites you.
The wolf bites you but does no damage. x2
Grum hits you from afar with a -2 spear!
The wolf closely misses you.
Okay, then.
You feel very mighty all of a sudden. The wolf bites you but does no damage.
The wolf bites you.
* * * LOW HITPOINT WARNING * * *
The wolf closely misses you. You block the wolf's attack. Grum misses you.
The wolf closely misses you. x2; The wolf bites you.
* * * LOW HITPOINT WARNING * * *
You puncture the wolf!
The wolf is moderately wounded.
The wolf bites you but does no damage. The wolf closely misses you. x3
The wolf bites you.
* * * LOW HITPOINT WARNING * * *
You puncture the wolf! Lightning courses through the wolf!
You kill the wolf!
You block Grum's attack.
The tengu warrior hits you with a +0 halberd!
* * * LOW HITPOINT WARNING * * *
The tengu warrior pecks you.
You die...
Your body crumbles into a pile of gold.

.$....................
......T.######.#######
#######$## #.# #..#
#.# ##.## #.#
#[.####.# #....##.
######....##.
#.h@$..#..#
#.Qhhg.#.....
#......+..##.#
#......#..# # #......#
.. ......... .# $
...####+### ...


You could see a tengu warrior (confused), Grum and 3 wolves.

Vanquished Creatures
  A centaur warrior (D:8)
  A hydra (D:11)
  4 two-headed ogres
  A lindwurm (shapeshifter) (D:8)
  A deep elf pyromancer (D:10)
  Pikel (D:4)
  A cyclops (D:10)
  Joseph (D:9)
  The ghost of b0nj0m0n the Insei, a novice DsTm of Cheibriados (D:5)
  A tengu conjurer (D:11)
  A troll (D:9)
  Eustachio (D:6)
  2 wyverns
  16 yaks
  A steam dragon (D:7)
  An acid dragon (D:10)
  3 water moccasins
  5 orc warriors
  2 sky beasts
  2 black bears
  3 ice beasts
  4 lemures (D:4)
  A wolf (D:11)
  6 centaurs
  A phantom (D:5)
  2 kobold brigands
  A scorpion (D:5)
  5 bullfrogs
  A gnoll sergeant (D:9)
  A necrophage (D:5)
  10 wights
  8 killer bees
  4 howler monkeys
  2 gnoll shamans (D:7)
  3 hounds
  10 orc priests
  3 iguanas
  8 orc wizards
  2 centaur simulacra (D:5)
  A bullfrog simulacrum (D:5)
  2 scorpion simulacra (D:5)
  A killer bee simulacrum (D:5)
  20 gnolls
  12 adders
  A shadow imp (D:8)
  2 white imps
  A worm (D:2)
  4 dart slugs
  38 orcs
  8 ball pythons
  9 endoplasms
  6 goblins
  4 hobgoblins
  5 quokkas
  7 bats
  7 frilled lizards
  24 kobolds
  5 rats
279 creatures vanquished.

Vanquished Creatures (others)
  20 fungi (D:7)
  12 plants (D:2)
32 creatures vanquished.

Grand Total: 311 creatures vanquished

Notes
Turn   | Place    | Note
-------+----------+-------------------------------------------
     0 | D:1      | ParallaxScroll the Vine Stalker Fighter began the quest for
                  | the Orb.
     0 | D:1      | Reached XP level 1. HP: 11/11 MP: 2/2
   436 | D:1      | Reached XP level 2. HP: 16/16 MP: 3/3
   822 | D:1      | Reached XP level 3. HP: 19/20 MP: 4/4
  1009 | D:1      | Found a faded altar of an unknown god.
  1568 | D:2      | Gained mutation: Your natural rate of healing is unusually
                  | fast. [Vine Stalker growth]
  1568 | D:2      | Reached XP level 4. HP: 15/24 MP: 5/5
  1799 | D:2      | Reached XP level 5. HP: 29/29 MP: 4/6
  2576 | D:3      | Identified the +2 pair of gloves of the Big Bang {rElec
                  | Int+5}
  2626 | D:3      | Found an opulent altar of Gozag.
  2633 | D:3      | Became a worshipper of Gozag Ym Sagoz the Greedy
  2706 | D:3      | Found Oklod's Antique Weapon Boutique.
  2795 | D:3      | Reached XP level 6. HP: 4/34 MP: 2/7
  2795 | D:3      | HP: 1/34 [orc priest/divine providence (4)]
  2798 | D:3      | Reached skill level 5 in Fighting
  2870 | D:3      | Found a hide-covered altar of Uskayaw.
  3178 | D:3      | Found an opulent altar of Gozag.
  3200 | D:3      | Found Oklod's Antique Weapon Boutique.
  3263 | D:3      | Found a hide-covered altar of Uskayaw.
  3672 | D:4      | Noticed Pikel
  3712 | D:4      | Killed Pikel
  3713 | D:4      | Reached XP level 7. HP: 40/40 MP: 8/8
  4254 | D:4      | Gained mutation: You have razor-sharp teeth. [Vine Stalker
                  | growth]
  4254 | D:4      | Reached XP level 8. HP: 43/45 MP: 9/9
  4279 | D:4      | Found a staircase to the Ecumenical Temple.
  4549 | D:4      | Found a sparkling altar of Nemelex Xobeh.
  4743 | D:5      | Entered Level 5 of the Dungeon
  4817 | D:5      | Found a runed translucent gate.
  4819 | D:5      | Found a runed translucent gate.
  4820 | D:5      | Found a runed translucent gate.
  4866 | D:5      | Reached skill level 1 in Maces & Flails
  5046 | D:5      | You fall into a shaft and drop 3 floors!
  5573 | D:5      | Reached XP level 9. HP: 23/50 MP: 10/10
  5575 | D:5      | Reached skill level 5 in Armour
  5828 | D:5      | Noticed b0nj0m0n's ghost (novice DsTm)
  5984 | D:5      | Found Vosiwkith's Distillery.
  5987 | D:5      | Bought a potion of curing for 36 gold pieces
  5987 | D:5      | Bought a potion of resistance for 120 gold pieces
  5987 | D:5      | Bought a potion of curing for 36 gold pieces
  5987 | D:5      | Bought a potion of might for 48 gold pieces
  6340 | D:6      | Reached skill level 5 in Maces & Flails
  6446 | D:5      | Killed b0nj0m0n's ghost
  6601 | D:6      | Noticed a two-headed ogre
  6805 | D:6      | Noticed a two-headed ogre
  6808 | D:6      | Reached skill level 1 in Hexes
  6902 | D:6      | Reached skill level 1 in Short Blades
  7120 | D:6      | Noticed Eustachio
  7137 | D:6      | Killed Eustachio
  7138 | D:6      | Reached skill level 2 in Hexes
  7185 | D:6      | Killed a two-headed ogre
  7186 | D:6      | Reached skill level 3 in Hexes
  7186 | D:6      | Reached XP level 10. HP: 36/55 MP: 5/11
  7310 | D:6      | Killed a two-headed ogre
  7311 | D:6      | Reached skill level 5 in Short Blades
  7311 | D:6      | Reached skill level 4 in Hexes
  7478 | D:6      | Found a snail-covered altar of Cheibriados.
  7481 | D:6      | Found a glowing golden altar of the Shining One.
  7483 | D:6      | Found a shimmering altar of Xom.
  7828 | D:6      | Found a glowing golden altar of the Shining One.
  7830 | D:6      | Found a snail-covered altar of Cheibriados.
  7830 | D:6      | Found a shimmering altar of Xom.
  8013 | D:6      | Learned a level 3 spell: Confusing Touch
  8297 | D:7      | Found a shadowy altar of Dithmenos.
  8619 | D:7      | Found a shadowy altar of Dithmenos.
  8878 | D:8      | Found a large runed translucent door.
  8879 | D:8      | Found a large runed translucent door.
  8880 | D:8      | Found a large runed translucent door.
  8880 | D:8      | Found a large runed translucent door.
  8880 | D:8      | Found the +2 hat of the Bear Spirit {Spirit, *Rage Will++}
  9195 | D:8      | Reached skill level 5 in Hexes
  9201 | D:8      | Paralysed by a hornet for 3 turns
  9202 | D:8      | Noticed a lindwurm
  9202 | D:8      | a hornet changed into a lindwurm
  9215 | D:8      | Killed a lindwurm
  9403 | D:8      | Reached skill level 6 in Hexes
  9403 | D:8      | Noticed a centaur warrior
  9417 | D:8      | Killed a centaur warrior
  9418 | D:8      | Reached skill level 7 in Hexes
  9537 | D:8      | Reached skill level 1 in Stealth
  9696 | D:3      | Bought a bloodstained dagger for 140 gold pieces
  9696 | D:3      | Identified the +3 dagger "Worm's Wrath" {elec, Int+5} (You
                  | bought it in a shop on level 3 of the Dungeon)
 10000 | D:8      | Reached skill level 1 in Evocations
 10156 | D:8      | Reached XP level 11. HP: 54/58 MP: 7/12
 10210 | D:8      | Found an iron altar of Okawaru.
 10878 | D:8      | Learned a level 4 spell: Cause Fear
 11020 | D:9      | Noticed Joseph
 11046 | D:9      | Killed Joseph
 11092 | D:9      | Noticed a two-headed ogre
 11103 | D:9      | Killed a two-headed ogre
 11259 | D:9      | Reached skill level 5 in Stealth
 11320 | D:9      | Learned a level 1 spell: Slow
 12031 | D:10     | Entered Level 10 of the Dungeon
 12031 | D:10     | Noticed a deep elf pyromancer
 12117 | D:10     | Found an ancient bone altar of Kikubaaqudgha.
 12119 | D:10     | Noticed a centaur warrior
 12119 | D:10     | Noticed a deep troll earth mage
 12121 | D:10     | Found a transporter.
 12124 | D:10     | Noticed a centaur warrior
 12154 | D:10     | Reached skill level 8 in Hexes
 12350 | D:10     | Found a transporter.
 12354 | D:10     | Noticed a cyclops
 12367 | D:10     | Killed a cyclops
 12466 | D:10     | Noticed a two-headed ogre
 12482 | D:10     | Killed a two-headed ogre
 12614 | D:10     | Found a staircase to the Lair.
 12722 | D:10     | Killed a deep elf pyromancer
 12746 | D:10     | Reached XP level 12. HP: 56/63 MP: 13/13
 12773 | D:10     | Reached skill level 9 in Hexes
 12786 | D:10     | Found a staircase to the Orcish Mines.
 12824 | D:10     | Learned a level 2 spell: Wereblood
 12861 | D:10     | Found Ezol Won's Assorted Antiques.
 12865 | D:10     | Bought a scroll labelled QOLIEZ EWAA for 34 gold pieces
 12939 | D:11     | Noticed HendSelp's ghost (journeyman TeMo)
 12941 | D:11     | Noticed a tengu warrior
 12941 | D:11     | Noticed a two-headed ogre
 12950 | D:11     | Noticed a seven-headed hydra
 12978 | D:11     | Killed a seven-headed hydra
 12979 | D:11     | Reached skill level 1 in Transmutations
 12989 | D:11     | Noticed a two-headed ogre
 13153 | D:11     | Noticed a tengu warrior
 13178 | D:11     | Noticed Grum
 13190 | D:11     | HP: 1/63 [tengu warrior/+0 halberd (10)]
 13190 | D:11     | Slain by a tengu warrior

Illustrated notes

Levels and vault maps discovered:
D:1:      dpeg_arrival_connections, layout_basic,
          nicolae_ecumenical_snake_handling
D:2:      layout_rooms, nicolae_grassy_gnolls
D:3:      layout_rooms, nicolae_overflow_crystal_walls,
          mainiacjoe_overflow_boulevard, serial_shops, shop
D:4:      layout_basic, nemelex_dance_club_becter,
          minmay_temple_entry_stoned_glass, uniq_pikel
D:5:      layout_basic, gammafunk_ghost_icy, serial_shops, kennysheep_mini
D:6:      layout_rooms, grunt_temple_overflow_diamond, uniq_eustachio
D:7:      layout_rooms, mainiacjoe_overflow_cross_hatched
D:8:      layout_basic, general_overflow_altar, serial_curves, eino_curves_01,
          eino_curves_01, minmay_hollow_rounded_squares
D:9:      layout_loops_ring, uniq_joseph
D:10:     layout_basic, gammafunk_temple_overflow_arena, lair_entry_dummy,
          david_orc_5, serial_shops, nicolae_shop_crystal, serial_bayou_crossing
D:11:     layout_basic, gammafunk_ghost_wrathful_warriors, uniq_grum,
          uniq_maurice

Skill      XL: |  1  2  3  4  5  6  7  8  9 10 11 12 |
---------------+-------------------------------------+-----
Axes           | 2 3 |  3.0
Shields        | 3 |  3.0
Fighting       | 3 4 6 7 |  7.0
Armour         | 3 4 5 |  5.0
Dodging        | 3 |  3.0
Maces & Flails | 4 6 |  6.7
Hexes          | 3 7 8 9 |  9.0
Short Blades   | 3 6 8 |  8.9
Stealth        | 2 5 |  5.6
Evocations     | 1 4 |  4.0
Transmutations | 1 |  1.6

Action                   |  1- 3 |  4- 6 |  7- 9 | 10-12 || total
-------------------------+-------+-------+-------+-------++-------
Melee: War axe           |    76 |    11 |     5 |       ||    92
       Bite              |    15 |    32 |    88 |   202 ||   337
       Whip              |       |   123 |   294 |   122 ||   539
       Short sword       |       |       |     5 |     1 ||     6
       Dagger            |       |       |       |   363 ||   363
 Fire: Hand crossbow     |       |       |     3 |     5 ||     8
Throw: Stone             |       |     8 |    22 |       ||    30
       Dart              |       |     2 |     8 |    12 ||    22
       Boomerang         |       |       |     8 |    10 ||    18
 Cast: Confusing Touch   |       |       |       |    32 ||    32
       Slow              |       |       |       |     3 ||     3
  Use: Scroll            |       |     7 |     5 |     3 ||    15
       Potion            |       |       |       |     1 ||     1
 Stab: Confused          |       |       |       |    24 ||    24
       Sleeping          |       |       |       |     4 ||     4
Armor: Scale mail        |    28 |    46 |    99 |       ||   173
       Leather armour    |       |       |    21 |   106 ||   127
Dodge: Dodged            |    30 |    54 |   178 |   245 ||   507
Block: Buckler           |     9 |    25 |    56 |    86 ||   176

Table legend: (Time is in decaauts)
 A = Elapsed time spent in this place.
 B = Non-inter-level travel time spent in this place.
 C = Inter-level travel time spent in this place.
 D = Time resting spent in this place.
 E = Time spent auto-exploring this place.
 F = Levels seen in this place.
 G = Mean time per level.
                   A        B        C        D        E       F      G
               +--------+--------+--------+--------+--------+-----+--------+
         Total |  13115 |  11855 |   1260 |   1891 |   7233 |  11 | 1192.3 |
       Dungeon |  13115 |  11855 |   1260 |   1891 |   7233 |  11 | 1192.3 |
               +--------+--------+--------+--------+--------+-----+--------+

Top non-repeatable levels by time:
     D:5: 1678 daAuts
     D:8: 1565 daAuts
     D:4: 1499 daAuts
     D:1: 1456 daAuts
     D:9: 1339 daAuts
     D:6: 1319 daAuts
     D:7: 1147 daAuts
     D:2: 1089 daAuts
     D:3: 995 daAuts
    D:10: 785 daAuts
    D:11: 239 daAuts
